 Dungeon Crawl Stone Soup version 0.31-a0-133-gaae73658be (webtiles) character file.

Game seed: 24378807916365546

2918 hikkokomori the Trooper (level 9, -12/75 HPs)
             Began as a Demigod Earth Elementalist on June 3, 2023.
             Mangled by a gnoll sergeant
             ... wielding a +2 spear of distortion
              (25 damage)
             ... on level 8 of the Dungeon.
             The game lasted 00:25:24 (7357 turns).

hikkokomori the Trooper (DgEE)                      Turns: 7357, Time: 00:25:24

Health: -12/75     AC:  9    Str:  9    XL:     9   Next: 25%
Magic:  16/18      EV: 11    Int: 31    God:
Gold:   209        SH:  0    Dex: 18    Spells: 6/15 levels left

rFire   + . .        u - +4 trident
rCold   . . .        (no shield)
rNeg    . . .        r - +3 leather armour {rF+}
rPois   .            (no helmet)
rElec   .            (no cloak)
rCorr   .            (no gloves)
SInv    .            n - +2 pair of boots
Will    .....        w - amulet of magic regeneration
Stlth   +++          k - +6 ring of intelligence
HPRegen 0.32/turn    (no ring)
MPRegen 0.56/turn

%: no passive effects
@: no status effects
A: high MP 1, forlorn, divine attributes
a: no special abilities


You were on level 8 of the Dungeon.
You visited 2 branches of the dungeon, and saw 9 of its levels.
You also visited: Bailey.

You collected 589 gold pieces.
You spent 380 gold pieces at shops.

Inventory:

Hand Weapons
 d - a +1 hand axe
 u - a +4 trident (weapon)
Missiles
 e - 11 poisoned darts
 C - a throwing net
Armour
 a - a +0 robe
 n - a +2 pair of boots (worn)
 r - a +3 leather armour of fire resistance (worn)
 s - a +0 buckler
 A - a +0 kite shield
Jewellery
 k - a +6 ring of intelligence (left hand)
 w - an amulet of magic regeneration (around neck)
Scrolls
 c - 5 scrolls of enchant weapon
 j - 2 scrolls of amnesia
 m - 3 scrolls of teleportation
 t - 3 scrolls of enchant armour
 y - a scroll of torment {unknown}
 B - a scroll of vulnerability {unknown}
Potions
 b - a potion of magic
 f - 5 potions of attraction
 g - 8 potions of heal wounds
 h - 2 potions of haste
 i - 2 potions of cancellation {unknown}
 l - 2 potions of lignification {unknown}
 o - 3 potions of curing
 p - a potion of brilliance {unknown}
 q - 2 potions of might {unknown}
 v - 3 potions of enlightenment
 x - a potion of degeneration {unknown}
 z - a potion of invisibility {unknown}


   Skills:
 + Level 5.7 Fighting
 - Level 1.7 Dodging
 - Level 4.7 Stealth
 + Level 3.4 Shields
 + Level 3.9 Spellcasting
 - Level 4.9 Conjurations
 + Level 3.7 Necromancy
 - Level 0.8 Transmutations
 + Level 5.5 Earth Magic


You had 6 spell levels left.
You knew the following spells:

 Your Spells              Type           Power      Damage    Failure   Level
a - Sandblast             Erth           80%        2d17      1%          1
b - Stone Arrow           Conj/Erth      76%        3d11      3%          3
c - Borgnjor's Vile Clut  Necr/Erth      17%        N/A       34%         5

Your spell library contained the following spells:

 Spells                   Type           Power      Damage    Failure   Level
 Passwall                 Tmut/Erth      21%        N/A       3%          2
 Summon Small Mammal      Summ           24%        N/A       9%          1
 Hailstorm                Conj/Ice       21%        3d6       10%         3
 Petrify                  Tmut/Erth      26%        N/A       22%         4
 Call Canine Familiar     Summ           6%         N/A       26%         3
 Inner Flame              Hex/Fire       6%         N/A       26%         3
 Summon Guardian Golem    Hex/Summ       6%         N/A       26%         3
 Flame Wave               Conj/Fire      21%        2d8       30%         4
 Sticky Flame             Conj/Fire      21%        2d4       30%         4
 Ice Form                 Ice/Tmut       8%         N/A       56%         4
 Alistair's Intoxication  Tmut/Pois      5%         N/A       89%         5
 Simulacrum               Ice/Necr       8%         N/A       99%         6
 Eringya's Noxious Bog    Tmut/Pois      4%         N/A       100%        6


Dungeon Overview and Level Annotations

Branches:
Dungeon (8/15)             Temple (1/1) D:5          Bailey (visited)
   Lair: D:8-11

Shops:
D:1 ::(


Innate Abilities, Weirdness & Mutations

You have an increased reservoir of magic. (+10% MP)
You shall have no god before yourself.
Your divine heritage dramatically boosts your attributes as you level up.


Message History

You kill the ice beast!
The gnoll barely misses you.
Unknown command.
Casting: Sandblast (safe; 1% risk of failure)
Confirm with . or Enter, or press ? or * to list all spells.
Aiming: Sandblast (safe; 1% risk of failure)
Press: ? - help, Shift-Dir - straight line, f - gnoll
Aim: a gnoll, wielding a +0 spear (87% to hit)
The blast of sand hits the gnoll!!
You kill the gnoll!
The gnoll sergeant hits you but does no damage.
Unknown command.
Unknown command.
Casting: Sandblast (safe; 1% risk of failure)
Confirm with . or Enter, or press ? or * to list all spells.
Aiming: Sandblast (safe; 1% risk of failure)
Press: ? - help, Shift-Dir - straight line, f - gnoll sergeant
Aim: a gnoll sergeant, wielding a +2 spear of distortion, wearing a +0 ring mail and wearing a +0 buckler (89% to hit)
The blast of sand hits the gnoll sergeant but does no damage.
The gnoll sergeant hits you from afar with a +2 spear of distortion.
The gnoll throws a throwing net.
The throwing net closely misses you.
Amaemon points at something and mumbles some strange words.
C - a throwing net The gnoll sergeant hits you from afar with a +2 spear of distortion.
Space warps around you.
The blast of sand hits the gnoll sergeant!
The gnoll sergeant is moderately wounded.
The gnoll sergeant hits you from afar with a +2 spear of distortion.
Amaemon falls through a shaft!
The shaft crumbles and collapses.
An orange demon comes into view.
The gnoll sergeant hits you from afar with a +2 spear of distortion!
Space warps horribly around you!!
The centaur wields a +0 shortbow.
The centaur shoots an arrow.
The arrow barely misses you.
The orange demon moves out of view.
The centaur shoots an arrow.
The arrow hits you!
* * * LOW HITPOINT WARNING * * *
The gnoll sergeant hits you from afar with a +2 spear of distortion!
* * * LOW HITPOINT WARNING * * *
Space warps horribly around you!!
You die...

..6 ##. ..### ## #.
.# .. ## ####### ...
#.....# ... #.....# .
.$.. #.....# ...
..... ###.....##...#
......##.....$.......
..°....@g.........#
.......#.##..#..?...#
........cg...+.......
...........>.#.....##
##...#.####..'.....#
.....#. #).#.....#
.... .. ...........
.....#. #..#.######
.. +#


You could see a gnoll sergeant, a centaur and a gnoll.

Vanquished Creatures
  A water moccasin (D:7)
  Duvessa (D:7)
  A black bear (D:6)
  2 ice beasts
  A sky beast (D:7)
  11 orc warriors
  4 centaurs
  A phantom (D:4)
  A gnoll sergeant (D:7)
  A bullfrog (D:7)
  A scorpion (D:5)
  Dowan (D:7)
  A howler monkey (D:6)
  2 gnoll boudas
  3 orc priests
  Terence (D:2)
  3 iguanas
  3 orc wizards
  5 adders
  15 gnolls
  3 ufetubi
  2 worms (D:3)
  A dart slug (D:2)
  28 orcs
  7 endoplasms
  3 giant cockroaches
  12 goblins
  3 hobgoblins
  A jackal (D:4)
  5 quokkas
  9 ball pythons
  5 bats
  A frilled lizard (D:3)
  9 kobolds
  5 rats
153 creatures vanquished.

Notes
Turn   | Place    | Note
-------+----------+-------------------------------------------
     0 | D:1      | hikkokomori the Demigod Earth Elementalist began the quest
                  | for the Orb.
     0 | D:1      | Reached XP level 1. HP: 14/14 MP: 5/5
   188 | D:1      | Found Ugoatzio's Weapon Boutique.
   221 | D:1      | Reached XP level 2. HP: 22/22 MP: 5/7
   285 | D:1      | Found Japlig's Book Shoppe.
   353 | D:1      | Reached skill level 1 in Fighting
   502 | D:1      | Found Qosack's Book Boutique.
   745 | D:2      | Noticed Terence
   911 | D:2      | Reached XP level 3. HP: 28/28 MP: 6/8
   915 | D:2      | Learned a level 3 spell: Stone Arrow
  1003 | D:2      | Killed Terence
  1639 | D:3      | Reached XP level 4. HP: 36/36 MP: 3/9
  1796 | D:3      | Reached skill level 1 in Conjurations
  2042 | D:3      | You fall into a shaft and drop 2 floors!
  2042 | D:5      | Entered Level 5 of the Dungeon
  2058 | D:5      | Found a staircase to the Ecumenical Temple.
  2077 | D:5      | Reached XP level 5. HP: 35/41 MP: 4/10
  2093 | Temple   | Entered the Ecumenical Temple
  3344 | D:4      | Reached XP level 6. HP: 50/50 MP: 8/11
  3984 | D:6      | Reached XP level 7. HP: 46/57 MP: 7/12
  4808 | D:1      | Bought Great Wizards, Vol. II for 380 gold pieces
  4816 | D:1      | Learned a level 5 spell: Borgnjor's Vile Clutch
  4927 | D:7      | Reached skill level 5 in Earth Magic
  5003 | D:7      | Noticed Dowan
  5012 | D:7      | Killed Dowan
  5012 | D:7      | Noticed Duvessa
  5135 | D:7      | Reached skill level 1 in Necromancy
  5200 | D:7      | Found a flagged portal.
  5229 | Bailey   | Entered a bailey
  5277 | Bailey   | Reached XP level 8. HP: 67/67 MP: 6/14
  5404 | Bailey   | Reached skill level 1 in Shields
  5820 | Bailey   | Reached skill level 5 in Fighting
  6098 | Bailey   | Noticed an orc knight
  6391 | D:7      | Acquired an amulet of magic regeneration
  6467 | D:7      | Killed Duvessa
  6468 | D:7      | Reached XP level 9. HP: 42/74 MP: 4/17
  7197 | D:8      | Noticed Amaemon
  7356 | D:8      | Noticed an orange demon
  7357 | D:8      | Mangled by a gnoll sergeant

Illustrated notes

Levels and vault maps discovered:
D:1:      lemuel_arrival_broad_hall, layout_rooms, serial_shops, shop, shop,
          nicolae_shop_statue_plus, minmay_misc_feat_room, minmay_pentomino_r2
D:2:      layout_basic, uniq_terence
D:3:      layout_rooms, amcnicky_altar_gilded,
          hellmonk_ecumenical_altar_leap_of_faith, kennysheep_generic_room_2
D:4:      minmay_door_path, layout_basic
D:5:      layout_rooms, minmay_temple_entry_offerings
D:6:      layout_cave_pools, vehumet_crystals
D:7:      layout_basic, serial_glass, glass_columns_b, glass_columns_b,
          enter_bailey_3, uniq_duvessa
D:8:      layout_basic, kennysheep_mini_moat, grunt_qazlal_clouds,
          minmay_stone_trees_medium, uniq_amaemon
Temple:   nicolae_temple_two_arcs

Skill      XL: |  1  2  3  4  5  6  7  8  9 |
---------------+----------------------------+-----
Stealth        | 2 3 4 |  4.7
Fighting       | 1 2 3 4 5 |  5.7
Earth Magic    | 3 4 5 |  5.5
Conjurations   | 1 2 3 4 |  4.9
Spellcasting   | 2 3 |  3.9
Necromancy     | 1 3 |  3.7
Shields        | 2 3 |  3.4
Dodging        | |  1.7
Transmutations | |  0.8

Action                     |  1- 3 |  4- 6 |  7- 9 || total
---------------------------+-------+-------+-------++-------
  Melee: Hand axe          |    14 |    14 |    12 ||    40
         Punch             |     1 |       |     1 ||     2
  Throw: Dart              |       |     4 |     5 ||     9
   Cast: Sandblast         |    50 |    91 |    93 ||   234
         Stone Arrow       |     1 |     6 |    45 ||    52
         Borgnjor's Vile C |       |       |     3 ||     3
    Use: Scroll            |     1 |     3 |    11 ||    15
         Potion            |       |       |     3 ||     3
   Stab: Sleeping          |       |       |     1 ||     1
 Armour: Robe              |    10 |       |       ||    10
         Leather armour    |       |    45 |    32 ||    77
  Dodge: Dodged            |    20 |    77 |    64 ||   161

Table legend: (Time is in decaauts)
 A = Elapsed time spent in this place.
 B = Non-inter-level travel time spent in this place.
 C = Inter-level travel time spent in this place.
 D = Time resting spent in this place.
 E = Time spent auto-exploring this place.
 F = Levels seen in this place.
 G = Mean time per level.
                   A        B        C        D        E       F      G
               +--------+--------+--------+--------+--------+-----+--------+
         Total |   7479 |   7133 |    346 |    674 |   4750 |  10 |  747.9 |
       Dungeon |   6428 |   6082 |    346 |    465 |   4350 |   8 |  803.5 |
        Temple |    146 |    146 |      0 |      0 |    133 |   1 |  146.0 |
        Bailey |    904 |    904 |      0 |    209 |    267 |   1 |  904.0 |
               +--------+--------+--------+--------+--------+-----+--------+

Top non-repeatable levels by time:
     D:7: 1508 daAuts
     D:5: 981 daAuts
     D:1: 919 daAuts
  Bailey: 904 daAuts
     D:4: 863 daAuts
     D:6: 824 daAuts
     D:3: 717 daAuts
     D:2: 554 daAuts
  Temple: 146 daAuts
     D:8: 60 daAuts
